AoeStats
← Chalini

Oasis

508997410Analyzed
4v4 RM · 7d ago on Sep 25, 2026· 56m 5s· 8 players
Game mode
Random Map
Map size
Large (8 player)
Population
200
Speed
Normal
Resources
Standard
Victory
Conquest
Starting age
Dark Age
Ending age
Imperial Age
RankedLock teamsTeams togetherTeam positionsShared explorationLock speedFull tech treeHidden civsTurbo modeCheats
Victory
Defeat
🇧🇷 Dravidians · Brazil
1283
+15
🇨🇱 Italians · Chile
1240
+14
🇦🇷 Japanese · Argentina
1224
+15
🇨🇱 Magyars · Chile
1183
+16
🇺🇸 Cumans · United States
1238
-16
🇺🇸 Magyars · United States
1206
-15
🇦🇺 Maya · Australia
1200
-14
🇺🇸 Danes · United States
1131
-12
Hoi4
6:24 Loom
8:51 Feudal Age
12:23 Fletching
12:22 Double-Bit Axe
20:22 Castle Age
19:59 Padded Archer Armor
20:25 Crossbowman
21:08 Bodkin Arrow
22:06 Thumb Ring
25:54 Wheelbarrow
29:51 Ballistics
30:44 Leather Archer Armor
34:56 Imperial Age
33:09 Bow Saw
35:39 Hand Cart
35:03 Arbalester
36:43 Chemistry
36:16 Ring Archer Armor
35:46 Bracer
36:35 Bracer
37:44 Two-Man Saw
36:27 Horse Collar
36:57 Gold Mining
37:57 Conscription
39:24 Elite Genoese Crossbowman
56:27 Town Watch
Enner
7:52 Loom
10:03 Feudal Age
15:32 Castle Age
14:55 Scale Barding Armor
21:51 Horse Collar
22:04 Gold Mining
22:57 Double-Bit Axe
24:26 Bow Saw
24:33 Heavy Plow
24:43 Stone Mining
25:36 Husbandry
26:17 Chain Barding Armor
27:48 Forging
29:03 Wheelbarrow
29:26 Iron Casting
35:29 Imperial Age
33:40 Light Cavalry
36:20 Hand Cart
35:51 Town Watch
36:05 Pikeman
41:01 Chemistry
40:22 Ballistics
39:57 Murder Holes
40:04 Scale Mail Armor
41:05 Blast Furnace
41:27 Fletching
42:42 Two-Man Saw
42:40 Halberdier
43:22 Squires
43:08 Arson
43:08 Gambesons
43:20 Bodkin Arrow
51:27 Bracer
52:24 Scale Mail Armor
52:53 Conscription
53:03 Wootz Steel
52:50 Medical Corps
53:22 Hoardings
54:40 Chain Mail Armor
56:36 Plate Mail Armor
Chalini
1:16 Loom
10:54 Feudal Age
16:31 Bloodlines
17:50 Scale Barding Armor
21:06 Horse Collar
25:08 Castle Age
26:03 Wheelbarrow
26:25 Husbandry
33:52 Double-Bit Axe
34:13 Heavy Plow
34:39 Gold Mining
38:19 Imperial Age
36:30 Corvinian Army
37:50 Chain Barding Armor
38:32 Cavalier
43:37 Plate Barding Armor
48:00 Paladin
51:35 Light Cavalry
54:41 Conscription
54:37 Hussar
[TBArg] Search088
1:51 Loom
9:54 Feudal Age
11:51 Fletching
13:07 Padded Archer Armor
19:00 Horse Collar
19:53 Double-Bit Axe
26:15 Castle Age
24:44 Gold Mining
26:21 Crossbowman
26:58 Bodkin Arrow
27:41 Leather Archer Armor
30:29 Husbandry
33:07 Wheelbarrow
34:08 Gold Shaft Mining
33:45 Bow Saw
33:37 Heavy Plow
37:22 Stone Mining
43:18 Imperial Age
43:23 Thumb Ring
44:23 Arbalester
45:33 Bracer
45:56 Ballistics
46:37 Chemistry
47:43 Bloodlines
50:38 Parthian Tactics
51:44 Ring Archer Armor
51:45 Caravan
53:42 Scale Barding Armor
53:49 Masonry
53:22 Pikeman
56:47 Two-Man Saw
55:58 Forging
55:49 Scale Mail Armor
Fortune1621
8:06 Loom
10:25 Feudal Age
11:27 Double-Bit Axe
14:12 Horse Collar
17:47 Fletching
22:57 Castle Age
21:27 Stone Mining
21:31 Gold Mining
22:58 Padded Archer Armor
23:52 Wheelbarrow
23:20 Elite Skirmisher
25:25 Bodkin Arrow
25:45 Leather Archer Armor
26:22 Thumb Ring
27:11 Bow Saw
28:04 Ballistics
29:35 Bloodlines
29:48 Heavy Plow
30:54 Forging
35:45 Imperial Age
33:02 Town Watch
33:51 Hand Cart
35:16 Scale Barding Armor
35:47 Iron Casting
35:58 Cavalier
37:02 Chain Barding Armor
38:28 Conscription
37:42 Paladin
39:22 Plate Barding Armor
39:24 Masonry
41:17 Blast Furnace
45:30 Light Cavalry
49:08 Squires
48:29 Pikeman
49:01 Halberdier
49:48 Scale Mail Armor
0Atlas0
2:21 Loom
12:05 Feudal Age
18:21 Double-Bit Axe
25:12 Castle Age
25:04 Horse Collar
27:10 Bow Saw
42:44 Wheelbarrow
43:18 Heavy Plow
46:02 Imperial Age
43:52 Hand Cart
43:50 Town Watch
47:08 Onager
50:48 Siege Engineers
iamjackscolon
8:16 Loom
10:35 Feudal Age
11:08 Double-Bit Axe
11:19 Horse Collar
14:48 Bloodlines
16:52 Scale Barding Armor
18:26 Wheelbarrow
24:18 Castle Age
23:03 Gold Mining
25:27 Chain Barding Armor
25:10 Husbandry
25:58 Bow Saw
25:51 Light Cavalry
30:50 Heavy Plow
37:22 Hand Cart
43:39 Imperial Age
42:45 Pikeman
43:11 Arson
43:27 Scale Mail Armor
43:19 Fletching
43:30 Padded Archer Armor
43:46 Cavalier
45:03 Plate Barding Armor
44:27 Elite Skirmisher
45:12 Thumb Ring
45:05 Bodkin Arrow
45:11 Padded Archer Armor
45:27 Chain Mail Armor
46:30 Two-Man Saw
45:09 Paladin
46:56 Conscription
50:35 Bracer
50:50 Leather Archer Armor
50:59 Ballistics
51:40 Chemistry
50:50 Masonry
51:40 Halberdier
Jimi
0:30 Loom
9:28 Feudal Age
11:22 Double-Bit Axe
14:35 Fletching
15:02 Horse Collar
21:17 Castle Age
22:49 Bow Saw
25:38 Sanctity
25:42 Crossbowman
28:13 Bodkin Arrow
29:58 Padded Archer Armor
32:11 Thumb Ring
33:55 Ballistics
36:12 Wheelbarrow
40:17 Imperial Age
38:16 Gold Mining
39:19 Leather Archer Armor
39:53 Pikeman
40:33 Squires
42:19 Chemistry
41:23 Bracer
41:24 Scale Mail Armor
41:35 Forging
41:25 Halberdier
43:09 Conscription
44:01 Chain Mail Armor
43:58 Forging
Connection lost

Rejoining the realm…

Still unreachable

The connection could not be restored.

Session expired

The server has moved on; the page needs a fresh start.